 Dungeon Crawl Stone Soup version 0.19.0-20-gbc5f0c6 (webtiles) character file.

99 equalderp2856 the Scratcher (level 4, -5/21 HPs)
             Began as a Felid Fighter on Nov 17, 2016.
             Killed from afar by an orc wizard (7 damage)
             ... with a magic dart
             ... on level 3 of the Dungeon.
             The game lasted 00:11:17 (4071 turns).

equalderp2856 the Scratcher (Felid Fighter)         Turns: 4071, Time: 00:11:18

Health: -5/21      AC:  1    Str: 13    XL:     4   Next: 45%
Magic:  5/5        EV: 20    Int:  9    God:
Gold:   140        SH:  0    Dex: 15    Spells: 0 memorised, 3 levels left
                                        Lives:  0   Deaths: 1

rFire  . . .     SeeInvis +       - Unarmed
rCold  . . .     Gourm    .     (armour unavailable)
rNeg   . . .     Faith    .     (shield unavailable)
rPois  .         Spirit   .     (helmet unavailable)
rElec  .         Reflect  .     (cloak unavailable)
rCorr  .         Harm     .     (gloves unavailable)
MR     .....                    (boots unavailable)
Stlth  +++.......               (no amulet)
                                (no ring)
                                (no ring)

@: quick
A: no armour, no weapons or thrown items, stealth, claws 1, fangs 3, see
invisible, carnivore 3, speed 1, shaggy fur 1, slow metabolism 1, sharp paws
a: no special abilities


You were on level 3 of the Dungeon.
You were not hungry.

You visited 1 branch of the dungeon, and saw 4 of its levels.

You collected 140 gold pieces.

Inventory:

Jewellery
 o - an uncursed amulet of magic regeneration {unknown}
Wands
 r - a wand of slowing (35/48)
Scrolls
 c - a scroll of magic mapping {unknown}
 d - a scroll of random uselessness {unknown}
 f - 3 scrolls of remove curse {unknown}
 g - 2 scrolls of identify {unknown}
 l - 2 scrolls of teleportation {unknown}
 m - a scroll of fog {unknown}
 n - 3 scrolls of noise {unknown}
 p - a scroll of enchant weapon {unknown}
Potions
 a - 3 potions of might
 e - a potion of flight {unknown}
 h - a potion of agility {unknown}
 i - a potion of heal wounds
 k - a potion of magic {unknown}
 q - a potion of berserk rage {unknown}
Comestibles
 b - 2 meat rations
 j - a beef jerky


   Skills:
 + Level 3.1 Fighting
 + Level 4.6 Dodging
 * Level 3.0 Stealth
 + Level 5.7 Unarmed Combat


You had 3 spell levels left.
You didn't know any spells.

Dungeon Overview and Level Annotations

Branches:
Dungeon (4/15)
 Temple: D:4-7

Altars:
Yredelemnul

Annotations:
D:4 Enish's ghost, weakling FeAK


Innate Abilities, Weirdness & Mutations

You cannot wear armour.
You are incapable of wielding weapons or throwing items.
Your paws allow you to move quietly. (Stealth)
You have sharp claws.
You have razor-sharp teeth.
You have supernaturally acute eyesight. (SInv)
You are carnivorous and can eat meat at any time.
You cover ground quickly.
You are covered in fur. (AC +1)
You have a slow metabolism.
Your sharp claws are effective at attacking unaware monsters.


Message History

You scratch the orc wizard but do no damage.
The orc wizard is moderately wounded.
The orc wizard gestures at you while chanting.
The magic dart hits you! The orc wizard closely misses you.
You barely miss the orc wizard.
The orc wizard is moderately wounded.
The orc wizard hits you but does no damage.
You scratch the orc wizard.
The orc wizard is heavily wounded.
The orc wizard casts a spell.
The orc wizard blinks!
The orc wizard barely misses you. The orc wizard casts a spell at you.
The magic dart hits you!
* * * LOW HITPOINT WARNING * * *
You scratch the orc wizard but do no damage.
The orc wizard is heavily wounded.
The orc wizard gestures at you while chanting.
The magic dart hits you!
You die...

#.##.##.#
#.......####
##...<.....#
#.........#####
####
#.####.........
#...## #.#
#.##.##### #
#.#######
#.##.# #.
#....o# ##...#
#.###...@##
##.# #...###.#
#.# ##.## #)#
..# ###.# #.#
### #...# #.+
##### #.### ###
#...# #.###
###.... #.#.##
### ###......
#....####o#
#.#.##...


You could see an orc wizard.

Vanquished Creatures
  Terence (D:3)
  3 adders
  2 oozes
  2 worms
  4 dart slugs
  3 leopard geckos
  5 orcs (D:3)
  A ball python (D:1)
  7 giant cockroaches
  10 goblins
  6 hobgoblins
  3 jackals (D:2)
  7 kobolds
  8 bats
  5 frilled lizards
  4 rats
71 creatures vanquished.

Notes
Turn   | Place    | Note
-------+----------+-------------------------------------------
     0 | D:1      | equalderp2856 the Felid Fighter began the quest for the Orb.
     0 | D:1      | Reached XP level 1. HP: 10/10 MP: 2/2
   141 | D:1      | Reached XP level 2. HP: 11/14 MP: 3/3
   697 | D:1      | Reached XP level 3. HP: 16/17 MP: 4/4
   902 | D:1      | Reached skill level 5 in Unarmed Combat
  1476 | D:2      | Reached skill level 1 in Stealth
  1673 | D:2      | Reached XP level 4. HP: 21/21 MP: 5/5
  2229 | D:3      | Noticed Terence
  2461 | D:3      | Noticed an ogre
  2517 | D:4      | Noticed Enish's ghost (weakling FeAK)
  2747 | D:3      | Found a basalt altar of Yredelemnul.
  2990 | D:3      | Slain by an ogre
  2991 | D:3      | Reached XP level 3. HP: -1/17 MP: 4/4
  3093 | D:3      | Killed Terence
  3093 | D:3      | Reached XP level 4. HP: 5/21 MP: 5/5
  4071 | D:3      | Killed from afar by an orc wizard

Skill      XL: |  1  2  3  4 |
---------------+-------------+-----
Unarmed Combat | 5 |  5.7
Stealth        | 2 3 |  3.0
Fighting       | |  3.1
Dodging        | |  4.6

Action                   |  1- 3 |  4- 6 || total
-------------------------+-------+-------++-------
Melee: Unarmed           |   122 |   126 ||   248
       Bite              |    13 |    10 ||    23
       Punch             |     3 |     2 ||     5
  Use: Potion            |       |     1 ||     1
 Stab: Sleeping          |       |     2 ||     2
  Eat: Chunk             |     9 |     3 ||    12
Armor: Skin              |     4 |     6 ||    10
Dodge: Dodged            |   117 |   121 ||   238
